| TOP OF THE 1ST |
|
Memphis Redbirds batting - Pitching for Albuquerque Isotopes : RHP Adam McCurdy
|
|
Pitching: RHP Adam McCurdy
|
|
|
Batting: RHB Joe Smack
|
0-0: Called Strike 0-1: Ball 1-1: Ball 2-1: Ground out 6-3 (Groundball, 6, EV 81.9 MPH)
|
|
Batting: SHB Dan Lash
|
0-0: Foul Ball, location: 2F 0-1: Foul Ball, location: 2F 0-2: Ball 1-2: SINGLE (Groundball, 4M, EV 98.1 MPH) (infield hit)
|
|
Batting: LHB Colin Worthington
|
0-0: Ball 1-0: Foul Ball, location: 2F 1-1: Called Strike 1-2: Ball 2-2: Foul Ball, location: 2F 2-2: Grounds into double play, 4-6-3 (Groundball, 4, EV 96.9 MPH)
|
| Top of the 1st over - 0 runs, 1 hit, 0 errors, 0 left on base; Memphis 0 - Albuquerque 0 |
| BOTTOM OF THE 1ST |
|
Albuquerque Isotopes batting - Pitching for Memphis Redbirds : LHP Tsugunosuke Murakami
|
|
Pitching: LHP Tsugunosuke Murakami
|
|
|
Batting: LHB Alfredo de la Cruz
|
0-0: Ball 1-0: Called Strike 1-1: Swinging Strike 1-2: Ball 2-2: Strikes out swinging
|
|
Batting: LHB Chad Persaud
|
0-0: Foul Ball, location: 2F 0-1: Ball 1-1: Fly out, F7 (Line Drive, 7LM, EV 91.2 MPH)
|
|
Batting: RHB Adrian Rudkilde
|
0-0: Called Strike 0-1: Called Strike 0-2: Ball 1-2: Ball 2-2: Strikes out swinging
|
| Bottom of the 1st over - 0 runs, 0 hits, 0 errors, 0 left on base; Memphis 0 - Albuquerque 0 |
| TOP OF THE 2ND |
|
Memphis Redbirds batting - Pitching for Albuquerque Isotopes : RHP Adam McCurdy
|
|
Batting: RHB Andres Mendiola
|
0-0: Swinging Strike 0-1: Called Strike 0-2: Ground out 3-1 (Groundball, 34, EV 104.4 MPH)
|
|
Batting: RHB Danny Gallo
|
0-0: Ball 1-0: Foul Ball, location: 2F 1-1: Ball 2-1: Swinging Strike 2-2: Foul Ball, location: 2F 2-2: Fly out, F8 (Flyball, 8LD, EV 95.0 MPH)
|
|
Batting: RHB Billy Crookston
|
0-0: Ball 1-0: Ball 2-0: Called Strike 2-1: Ground out 6-3 (Groundball, 6, EV 105.0 MPH)
|
| Top of the 2nd over - 0 runs, 0 hits, 0 errors, 0 left on base; Memphis 0 - Albuquerque 0 |
| BOTTOM OF THE 2ND |
|
Albuquerque Isotopes batting - Pitching for Memphis Redbirds : LHP Tsugunosuke Murakami
|
|
Batting: RHB Herb McIntyre
|
0-0: Ball 1-0: Ball 2-0: Called Strike 2-1: Swinging Strike 2-2: Foul Ball, location: 2F 2-2: Ball 3-2: Base on Balls
|
|
Batting: LHB Gabe Harvey
|
0-0: Called Strike 0-1: Called Strike 0-2: Ball 1-2: Grounds into double play, 5-4-3 (Groundball, 56S, EV 88.1 MPH)
|
|
Batting: RHB Eddie McCoy
|
0-0: Swinging Strike 0-1: Ball 1-1: Called Strike 1-2: Strikes out swinging
|
| Bottom of the 2nd over - 0 runs, 0 hits, 0 errors, 0 left on base; Memphis 0 - Albuquerque 0 |
| TOP OF THE 3RD |
|
Memphis Redbirds batting - Pitching for Albuquerque Isotopes : RHP Adam McCurdy
|
|
Batting: RHB Fabrice Bertin
|
0-0: Called Strike 0-1: Ball 1-1: Foul Ball, location: 2F 1-2: Ball 2-2: Ball 3-2: Base on Balls
|
|
Batting: LHB John Bailey
|
0-0: SINGLE (Groundball, 34S, EV 87.5 MPH) (infield hit) Fabrice Bertin to second
|
|
Batting: LHB Adam Eisen
|
0-0: Ball 1-0: Ball 2-0: Foul Ball, location: 2F 2-1: Foul Ball, location: 2F 2-2: Strikes out looking
|
|
Batting: RHB Joe Smack
|
0-0: Ball 1-0: Called Strike 1-1: Ball 2-1: Called Strike 2-2: Ball 3-2: Strikes out swinging
|
|
Batting: SHB Dan Lash
|
0-0: Fielders Choice at 2nd, 6-4 (Groundball, 4M, EV 91.2 MPH)
|
| Top of the 3rd over - 0 runs, 1 hit, 0 errors, 2 left on base; Memphis 0 - Albuquerque 0 |
| BOTTOM OF THE 3RD |
|
Albuquerque Isotopes batting - Pitching for Memphis Redbirds : LHP Tsugunosuke Murakami
|
|
Batting: LHB Adam Hill
|
0-0: Ball 1-0: Ball 2-0: SINGLE (Line Drive, 7S, EV 106.9 MPH)
|
|
Batting: SHB Mitchell Greene
|
0-0: Foul Ball, location: 2F 0-1: Ball 1-1: Foul Ball, location: 2F 1-2: Ball 2-2: Fielders Choice at 2nd, 5-4 (Groundball, 56, EV 80.6 MPH)
|
|
Batting: LHB Pablo Cardona
|
0-0: Called Strike Mitchell Greene steals 2nd base 0-1: Foul Ball, location: 2F 0-2: Foul Ball, location: 2F 0-2: Ball 1-2: Foul Ball, location: 2F 1-2: SINGLE (Groundball, 34S, EV 63.1 MPH) (infield hit) Mitchell Greene to third
|
|
Batting: LHB Alfredo de la Cruz
|
0-0: Foul Ball, location: 2F 0-1: DOUBLE (Line Drive, 7LS, EV 91.9 MPH) Mitchell Greene scores Pablo Cardona to third Runner from 3rd tries for Home, SAFE, no throw by LF
|
|
Batting: LHB Chad Persaud
|
0-0: Swinging Strike 0-1: Ground out 3-1 (Groundball, 3D, EV 87.5 MPH) Alfredo de la Cruz to third
|
|
Batting: RHB Adrian Rudkilde
|
0-0: Swinging Strike 0-1: Foul Ball, location: 2F 0-2: Ball 1-2: Foul Ball, location: 2F 1-2: Fly out, F4 (Popup, 34, EV 78.8 MPH)
|
| Bottom of the 3rd over - 2 runs, 3 hits, 0 errors, 1 left on base; Memphis 0 - Albuquerque 2 |
| TOP OF THE 4TH |
|
Memphis Redbirds batting - Pitching for Albuquerque Isotopes : RHP Adam McCurdy
|
|
Batting: LHB Colin Worthington
|
0-0: Swinging Strike 0-1: Swinging Strike 0-2: Foul Ball, location: 2F 0-2: Ball 1-2: Strikes out swinging
|
|
Batting: RHB Andres Mendiola
|
0-0: Called Strike 0-1: Ball 1-1: Foul Ball, location: 2F 1-2: Ball 2-2: Foul Ball, location: 2F 2-2: Strikes out swinging
|
|
Batting: RHB Danny Gallo
|
0-0: Ball 1-0: Foul Ball, location: 2F 1-1: Ball 2-1: Swinging Strike 2-2: Ground out 4-3 (Groundball, 4, EV 85.6 MPH)
|
| Top of the 4th over - 0 runs, 0 hits, 0 errors, 0 left on base; Memphis 0 - Albuquerque 2 |
| BOTTOM OF THE 4TH |
|
Albuquerque Isotopes batting - Pitching for Memphis Redbirds : LHP Tsugunosuke Murakami
|
|
Batting: RHB Herb McIntyre
|
0-0: Ball 1-0: Ball 2-0: Ball 3-0: Base on Balls
|
|
Batting: LHB Gabe Harvey
|
0-0: Called Strike 0-1: Swinging Strike 0-2: Grounds into double play, 4-6-3 (Groundball, 4, EV 105.0 MPH)
|
|
Batting: RHB Eddie McCoy
|
0-0: Foul Ball, location: 2F 0-1: Fly out, F8 (Line Drive, 8RM, EV 108.8 MPH)
|
| Bottom of the 4th over - 0 runs, 0 hits, 0 errors, 0 left on base; Memphis 0 - Albuquerque 2 |
| TOP OF THE 5TH |
|
Memphis Redbirds batting - Pitching for Albuquerque Isotopes : RHP Adam McCurdy
|
|
Batting: RHB Billy Crookston
|
0-0: Called Strike 0-1: Swinging Strike 0-2: Ground out 1-3 (Groundball, 15S, EV 70.6 MPH)
|
|
Batting: RHB Fabrice Bertin
|
0-0: Called Strike 0-1: SINGLE (Groundball, 56D, EV 103.8 MPH)
|
|
Batting: LHB John Bailey
|
0-0: Ball 1-0: Called Strike Fabrice Bertin steals 2nd base 1-1: Ground out U3 (Groundball, 3S, EV 78.8 MPH) Fabrice Bertin to third
|
|
Batting: LHB Adam Eisen
|
0-0: Fly out, F9 (Flyball, 9S, EV 76.9 MPH)
|
| Top of the 5th over - 0 runs, 1 hit, 0 errors, 1 left on base; Memphis 0 - Albuquerque 2 |
| BOTTOM OF THE 5TH |
|
Albuquerque Isotopes batting - Pitching for Memphis Redbirds : LHP Tsugunosuke Murakami
|
|
Batting: LHB Adam Hill
|
0-0: Ball 1-0: Called Strike 1-1: Foul Ball, location: 2F 1-2: Fly out, F8 (Flyball, 78M, EV 83.8 MPH)
|
|
Batting: SHB Mitchell Greene
|
0-0: Called Strike 0-1: Ball 1-1: Ball 2-1: Ground out 4-3 (Groundball, 4MD, EV 85.6 MPH)
|
|
Batting: LHB Pablo Cardona
|
0-0: Ground out 4-3 (Groundball, 4, EV 82.5 MPH)
|
| Bottom of the 5th over - 0 runs, 0 hits, 0 errors, 0 left on base; Memphis 0 - Albuquerque 2 |
| TOP OF THE 6TH |
|
Memphis Redbirds batting - Pitching for Albuquerque Isotopes : RHP Adam McCurdy
|
|
Batting: RHB Joe Smack
|
0-0: Foul Ball, location: 2F 0-1: Foul Ball, location: 2F 0-2: Ball 1-2: Ball 2-2: Ball 3-2: Fly out, F6 (Popup, 6, EV 77.5 MPH)
|
|
Batting: SHB Dan Lash
|
0-0: Called Strike 0-1: Ball 1-1: Ground out U3 (Groundball, 3, EV 81.2 MPH)
|
|
Batting: LHB Colin Worthington
|
0-0: Fly out, F9 (Flyball, 9, EV 91.9 MPH)
|
| Top of the 6th over - 0 runs, 0 hits, 0 errors, 0 left on base; Memphis 0 - Albuquerque 2 |
| BOTTOM OF THE 6TH |
|
Albuquerque Isotopes batting - Pitching for Memphis Redbirds : LHP Tsugunosuke Murakami
|
|
Batting: LHB Alfredo de la Cruz
|
0-0: Called Strike 0-1: Ball 1-1: Foul Ball, location: 2F 1-2: Foul Ball, location: 2F 1-2: Ground out 4-3 (Groundball, 4, EV 86.9 MPH)
|
|
Batting: LHB Chad Persaud
|
0-0: Fly out, F8 (Flyball, 89D, EV 100.6 MPH)
|
|
Batting: RHB Adrian Rudkilde
|
0-0: Ball 1-0: Called Strike 1-1: Foul Ball, location: 2F 1-2: Foul Ball, location: 2F 1-2: Ball 2-2: TRIPLE (Flyball, 78XD, EV 103.1 MPH)
|
|
Batting: RHB Herb McIntyre
|
0-0: Foul Ball, location: 2F 0-1: Foul Ball, location: 2F 0-2: Ball 1-2: Foul Ball, location: 2F 1-2: Strikes out looking
|
| Bottom of the 6th over - 0 runs, 1 hit, 0 errors, 1 left on base; Memphis 0 - Albuquerque 2 |
| TOP OF THE 7TH |
|
Memphis Redbirds batting - Pitching for Albuquerque Isotopes : RHP Adam McCurdy
|
|
Batting: RHB Andres Mendiola
|
0-0: Ground out 3-1 (Groundball, 13, EV 80.6 MPH)
|
|
Pitching: RHP Jon Turman
|
|
|
Batting: RHB Danny Gallo
|
0-0: Ball 1-0: Foul Ball, location: 2F 1-1: Ball 2-1: Ball 3-1: SINGLE (Groundball, 5S, EV 75.0 MPH) (infield hit)
|
|
Batting: RHB Billy Crookston
|
0-0: Ball 1-0: Ball 2-0: Called Strike 2-1: Ball 3-1: Reached on error, E5 (Groundball, 56S, EV 71.9 MPH) Danny Gallo to second
|
|
Pinch Hitting: LHB Kyle Schaible
|
0-0: Called Strike 0-1: Swinging Strike 0-2: Ball Wild Pitch! Danny Gallo to third Billy Crookston to second 1-2: Ball 2-2: Fly out, F9 (Flyball, 9LSF, EV 90.0 MPH)
|
|
Batting: LHB John Bailey
|
0-0: Called Strike 0-1: Ball 1-1: Foul Ball, location: 2F 1-2: Strikes out looking
|
| Top of the 7th over - 0 runs, 1 hit, 1 error, 2 left on base; Memphis 0 - Albuquerque 2 |
| BOTTOM OF THE 7TH |
|
Albuquerque Isotopes batting - Pitching for Memphis Redbirds : LHP Tsugunosuke Murakami
|
|
Now at 2B: Kyle Schaible
|
|
|
Now in LF: Joe Smack
|
|
|
Now in CF: Adam Eisen
|
|
|
Now in RF: Danny Gallo
|
|
|
Batting: LHB Gabe Harvey
|
0-0: Ball 1-0: Foul Ball, location: 2F 1-1: Called Strike 1-2: Ball 2-2: Strikes out swinging
|
|
Batting: RHB Eddie McCoy
|
0-0: Ball 1-0: Swinging Strike 1-1: Foul Ball, location: 2F 1-2: Ball 2-2: Foul Ball, location: 2F 2-2: Foul Ball, location: 2F 2-2: SINGLE (Groundball, 56D, EV 98.1 MPH)
|
|
Batting: LHB Adam Hill
|
0-0: Swinging Strike 0-1: Ball 1-1: Fly out, F9 (Flyball, 89M, EV 86.9 MPH)
|
|
Batting: SHB Mitchell Greene
|
0-0: Called Strike 0-1: SINGLE (Groundball, 6MD, EV 95.6 MPH) Eddie McCoy to second
|
|
Batting: LHB Pablo Cardona
|
0-0: Called Strike 0-1: Ball 1-1: Ball 2-1: Called Strike 2-2: Fly out, F8 (Flyball, 8LM, EV 90.0 MPH)
|
| Bottom of the 7th over - 0 runs, 2 hits, 0 errors, 2 left on base; Memphis 0 - Albuquerque 2 |
| TOP OF THE 8TH |
|
Memphis Redbirds batting - Pitching for Albuquerque Isotopes : RHP Jon Turman
|
|
Batting: LHB Adam Eisen
|
0-0: Foul Ball, location: 2F 0-1: Called Strike 0-2: Ball 1-2: Foul Ball, location: 2F 1-2: Ball 2-2: Ball 3-2: Foul Ball, location: 2F 3-2: Foul Ball, location: 2F 3-2: Ground out 6-3 (Groundball, 6, EV 105.0 MPH)
|
|
Batting: RHB Joe Smack
|
0-0: Ball 1-0: Ball 2-0: Fly out, F8 (Flyball, 8RM, EV 85.6 MPH)
|
|
Batting: SHB Dan Lash
|
0-0: Called Strike 0-1: Ball 1-1: Swinging Strike 1-2: Foul Ball, location: 2F 1-2: Ball 2-2: Foul Ball, location: 2F 2-2: Strikes out swinging
|
| Top of the 8th over - 0 runs, 0 hits, 0 errors, 0 left on base; Memphis 0 - Albuquerque 2 |
| BOTTOM OF THE 8TH |
|
Albuquerque Isotopes batting - Pitching for Memphis Redbirds : LHP Tsugunosuke Murakami
|
|
Pitching: RHP Doug Nickey
|
|
|
Batting: LHB Alfredo de la Cruz
|
0-0: Foul Ball, location: 2F 0-1: Swinging Strike 0-2: Ball 1-2: Foul Ball, location: 2F 1-2: Foul Ball, location: 2F 1-2: SINGLE (Line Drive, 4D, EV 105.6 MPH)
|
|
Batting: LHB Chad Persaud
|
0-0: TRIPLE (Flyball, 89XD, EV 101.2 MPH) Alfredo de la Cruz scores
|
|
Batting: RHB Adrian Rudkilde
|
0-0: Intentional Walk
|
|
Batting: RHB Herb McIntyre
|
0-0: Called Strike 0-1: Fly out, F7 (Flyball, 7D, EV 85.0 MPH) Runner from 3rd tags up, SCORES, throw by LF
|
|
Batting: LHB Gabe Harvey
|
0-0: Foul Ball, location: 2F 0-1: Ball 1-1: Foul Ball, location: 2F 1-2: Foul Ball, location: 2F 1-2: Foul Ball, location: 2F 1-2: Strikes out swinging
|
|
Batting: RHB Eddie McCoy
|
0-0: Ball 1-0: Ball 2-0: Called Strike 2-1: Foul Ball, location: 2F 2-2: Ground out 4-3 (Groundball, 4, EV 94.4 MPH)
|
| Bottom of the 8th over - 2 runs, 2 hits, 0 errors, 1 left on base; Memphis 0 - Albuquerque 4 |
| TOP OF THE 9TH |
|
Memphis Redbirds batting - Pitching for Albuquerque Isotopes : RHP Jon Turman
|
|
Pitching: RHP Jose Lopez
|
|
|
Batting: LHB Colin Worthington
|
0-0: Called Strike 0-1: Foul Ball, location: 2F 0-2: Ball 1-2: Foul Ball, location: 2F 1-2: Fly out, F8 (Flyball, 8RD, EV 97.5 MPH)
|
|
Batting: RHB Andres Mendiola
|
0-0: Called Strike 0-1: Ball 1-1: Foul Ball, location: 2F 1-2: Foul Ball, location: 2F 1-2: Ball 2-2: Fly out, F7 (Flyball, 78S, EV 94.4 MPH)
|
|
Batting: RHB Danny Gallo
|
0-0: Ball 1-0: Called Strike 1-1: Swinging Strike 1-2: SINGLE (Groundball, 56S, EV 66.9 MPH) (infield hit)
|
|
Batting: RHB Billy Crookston
|
0-0: Fielders Choice at 2nd, 6-4 (Groundball, 6, EV 108.1 MPH)
|
| Top of the 9th over - 0 runs, 1 hit, 0 errors, 1 left on base; Memphis 0 - Albuquerque 4 |
|